 Dungeon Crawl Stone Soup version 0.31.0-9-g3a7656b989 (console) character file.

Game seed: 14478429583292178603

9 AlterAsc the Shield-Bearer (level 2, 2/24 HPs)
             Began as a Formicid Fighter on Jan 27, 2024.
             Quit the game on level 1 of the Dungeon.
             The game lasted 00:00:44 (292 turns).

AlterAsc the Shield-Bearer (Formicid Fighter)        Turns: 292, Time: 00:00:44

Health: 2/24       AC:  6    Str: 20    XL:     2   Next: 25%
Magic:  2/2        EV:  9    Int:  7    God:
Gold:   4          SH:  5    Dex: 13    Spells: 1/1 levels left

rFire   . . .        a - +0 war axe
rCold   . . .        c - +0 buckler
rNeg    . . .        b - +0 scale mail
rPois   .            (helmet unavailable)
rElec   .            (no cloak)
rCorr   .            (no gloves)
SInv    +            (no boots)
Will    .....        (no amulet) Stlth
                     (no ring)
HPRegen 0.24/turn    (no ring)
MPRegen 0.08/turn

%: no passive effects
@: lethally poisoned (2 -> -12)
A: permanent stasis, dig shafts and tunnels, antennae 3, four strong arms
a: Dig, Shaft Self


You were on level 1 of the Dungeon.
You visited 1 branch of the dungeon, and saw 1 of its levels.

You collected 4 gold pieces.

Inventory:

Hand Weapons
 a - a +0 war axe (weapon)
Armour
 b - a +0 scale mail (worn)
 c - a +0 buckler (worn)
Scrolls
 e - a scroll of enchant weapon {unknown}
Potions
 d - a potion of might


   Skills:
 - Level 3.2 Fighting
 + Level 2.8 Axes
 - Level 3.2 Armour
 - Level 4.0 Shields


You had one spell level left.
You didn't know any spells.
Your spell library was empty.

Dungeon Overview and Level Annotations

Branches:
Dungeon (1/15)

Altars:


Innate Abilities, Weirdness & Mutations

You cannot be hasted, slowed, berserked, paralysed or teleported.
You can dig through walls and to a lower floor.
You have a pair of large antennae on your head. (SInv)
Your four strong arms can wield two-handed weapons with a shield.


Message History

Found a whip and 4 large rocks.
e - a scroll labelled YWACATHRUGIH You now have 4 gold pieces.
Found a stone staircase leading down.
You see here a +0 whip.
A quokka comes into view.
A quokka is nearby!
A goblin comes into view. It is wielding a +1 dagger of venom.
The goblin shouts!
The quokka barely misses you.
You hit the quokka but do no damage. You block the quokka's attack.
The quokka twitches its whiskers.
The quokka closely misses you.
You closely miss the quokka. The quokka bites you.
You closely miss the quokka. The quokka barely misses you.
The quokka bites you.
You hit the quokka but do no damage. You completely miss the goblin.
You block the quokka's attack. The goblin hits you but does no damage.
You are poisoned.
The quokka bites you but does no damage.
The goblin hits you with a +1 dagger of venom.
You are more poisoned.
You hit the quokka.
The quokka is heavily wounded.
You hit the goblin but do no damage.
You feel very sick. The quokka bites you. You block the goblin's attack.
You hit the quokka.
The quokka is severely wounded.
You hit the goblin.
You feel very sick. The quokka completely misses you.
The goblin hits you with a +1 dagger of venom.
You are more poisoned.
The quokka bites you but does no damage.
* * * LOW HITPOINT WARNING * * *
You feel very sick. The quokka attacks as it pursues you! The quokka bites you.
* * * LOW HITPOINT WARNING * * *
Okay, then.
Are you sure you want to abandon this character and quit the game? (Confirm with "yes".)

##.# #... #. #... ## #.
#... #.. #. # #####...
#... . .####......^ #....
.## #.....).....
#.....###.###...##.......
#.....gr@..#.#...........
######.##.#.##..#.....#.†
#. #.#.#..##8###8##. #.
#.......#........ ..
###..#..#.....#..
#..####..#..#..<..#..
#........#..#.....#..
#........#........#..
##########.##8###8##.
#..#.....#.. #...........


You could see a quokka and a goblin.

Vanquished Creatures
  A ball python (D:1)
  3 endoplasms (D:1)
  3 bats (D:1)
  A frilled lizard (D:1)
  A kobold (D:1)
9 creatures vanquished.

Notes
Turn   | Place    | Note
-------+----------+-------------------------------------------
     0 | D:1      | AlterAsc the Formicid Fighter began the quest for the Orb.
     0 | D:1      | Reached XP level 1. HP: 18/18 MP: 1/1
   112 | D:1      | Reached XP level 2. HP: 20/24 MP: 2/2
   292 | D:1      | Quit the game

Illustrated notes

Levels and vault maps discovered:
D:1:      scummos_arrival_simple_crosswalls, layout_loops_cross, st_stairs_3

Action                     || total
---------------------------++-------
  Melee: War axe           ||    32
 Armour: Scale mail        ||    32
  Dodge: Dodged            ||    13
  Block: Buckler           ||     9
